 Dungeon Crawl Stone Soup version 0.13-a0-2657-gc1edc70 (webtiles) character file.

450 Rycklaryybbe the Spear-Bearer (level 5, -2/46 HPs)
             Began as a Merfolk Fighter on Aug 10, 2013.
             Was an Initiate of the Shining One.
             Slain by a worker ant (4 damage)
             ... on Level 5 of the Dungeon.
             The game lasted 00:08:39 (3167 turns).

Rycklaryybbe the Spear-Bearer (Merfolk Fighter)     Turns: 3167, Time: 00:08:39

HP  -2/46        AC  6     Str 15      XL: 5   Next: 87%
MP   4/4         EV 12     Int  8      God: the Shining One [......]
Gold 240         SH 19     Dex 19      Spells:  0 memorised,  4 levels left

Res.Fire  : + . .   See Invis. : .   a - +0 trident
Res.Cold  : . . .   Warding    : .   s - +0 ring mail {rF+}
Life Prot.: . . .   Conserve   : .   c - +0 shield
Res.Poison: .       Res.Corr.  : .   (no helmet)
Res.Elec. : .       Clarity    : .   (no cloak)
Sust.Abil.: + .     Spirit.Shd : .   H - +0 pair of gloves
Res.Mut.  : .       Stasis     : .   (no boots)
Res.Rott. : .       Flight     : .   v - amulet of the gourmand
Gourmand  : +                        (no ring)
                                     j - ring of sustain abilities

@: agile, mildly poisoned, slightly resistant to hostile enchantments, fairly
stealthy
A: change form in water, swift swim, breathe flames 1, +10% hp, Str -1
a: Renounce Religion, Breathe Fire


You were on level 5 of the Dungeon.
You worshipped the Shining One. the Shining One was noncommittal.
You were very full.

You visited 2 branches of the dungeon, and saw 6 of its levels.

You collected 220 gold pieces.

Inventory:

Hand weapons
 a - a +0,+0 trident (weapon)
Armour
 b - a +0 scale mail
 c - a +0 shield (worn)
 p - a +0 pair of elven gloves
 s - a +0 ring mail of fire resistance (worn)
 H - a +0 pair of gloves (worn)
 J - a +0 dwarven buckler of positive energy
Magical devices
 z - a wand of cold (9) {unknown}
 E - a wand of random effects (13) {unknown}
Comestibles
 d - 2 bread rations
 g - an apple
 u - a meat ration
Scrolls
 f - 2 scrolls of teleportation
 h - a scroll of recharging {unknown}
 k - 2 scrolls of identify
 n - a scroll of enchant armour {unknown}
 q - 2 scrolls of amnesia {unknown}
 y - a scroll of curse armour {unknown}
 A - a scroll of remove curse {unknown}
 B - a scroll of fear {unknown}
 I - a scroll of enchant weapon II {unknown}
Jewellery
 j - a ring of sustain abilities (left hand)
 r - an uncursed amulet of faith {unknown}
 v - an amulet of the gourmand (around neck)
Potions
 i - a potion of mutation
 l - a potion of cure mutation {unknown}
 o - a potion of might {unknown}
 t - a potion of agility
 w - 3 potions of curing {unknown}
 x - a potion of speed {unknown}
 C - a potion of poison {unknown}
 D - a potion of restore abilities {unknown}
 F - a potion of flight {unknown}
 G - a potion of slowing {unknown}
Miscellaneous
 e - a plain deck of escape {drawn: 3}


   Skills:
 - Level 3.2 Fighting
 + Level 8.5 Polearms
 - Level 2.1 Armour
 - Level 3.0 Shields


You had 4 spell levels left.
You didn't know any spells.

Dungeon Overview and Level Annotations

Branches:
Dungeon (5/27)             Temple (1/1) D:4

Altars:
Ashenzari
Cheibriados
Elyvilon
Fedhas
Kikubaaqudgha
Makhleb
Nemelex Xobeh
Okawaru
Sif Muna
Trog
Vehumet
Xom
Yredelemnul
Zin
the Shining One

Annotations
D:3 killration's ghost, weakling HOGl
D:4 schwarznadel's ghost, average DsFi


Innate Abilities, Weirdness & Mutations

You revert to your normal form in water.
You are very nimble and swift while swimming.
You can breathe flames.
You are robust (+10% HP).
You are weak (Str -1).


Message History

The worker ant is lightly wounded.
The worker ant bites you.
* * * LOW HITPOINT WARNING * * *
You barely miss the worker ant.
The worker ant is lightly wounded.
The worker ant closely misses you.
Drink which item? (? for menu, Esc to quit)
You feel extremely strange.
Your throat feels hot.
You feel weaker.
You feel robust.
It was a potion of mutation.
* * * LOW HITPOINT WARNING * * *
You feel sick. The worker ant bites you.
* * * LOW HITPOINT WARNING * * *
You are more poisoned.
The worker ant poisons you!
Drink which item? (? for menu, Esc to quit)
You feel more agile all of a sudden.
It was a potion of agility.
You block the worker ant's attack. The worker ant bites you.
You die...

.# >### ...
#####+#.###.#
#.@.........#
#a..........#
#...<.......#
###.#<#.###.#
#..........#
#####......#
#..(...#
.......#
(.......#


You could see a worker ant.

Vanquished Creatures
  2 worker ants
  An iguana (D:4)
  A gnoll (D:4)
  7 adders
  A giant eyeball (D:4)
  3 giant geckos
  5 orcs (D:3)
  A giant cockroach (D:1)
  6 goblins
  4 hobgoblins
  2 jackals (D:1)
  2 quokkas (D:4)
  7 bats
  2 giant newts
  A hobgoblin skeleton (D:4)
  6 kobolds
  5 rats
  A rat skeleton (D:4)
57 creatures vanquished.

Notes
Turn   | Place    | Note
--------------------------------------------------------------
     0 | D:1      | Rycklaryybbe, the Merfolk Fighter, began the quest for the Orb.
     0 | D:1      | Reached XP level 1. HP: 18/18 MP: 0/0
    40 | D:1      | Found a sparkling altar of Nemelex Xobeh.
   341 | D:1      | Reached skill level 4 in Polearms
   341 | D:1      | Reached XP level 2. HP: 24/24 MP: 1/1
   721 | D:2      | Reached skill level 5 in Polearms
   721 | D:2      | Reached XP level 3. HP: 27/30 MP: 2/2
  1044 | D:2      | Reached skill level 6 in Polearms
  1044 | D:2      | Reached XP level 4. HP: 31/36 MP: 3/3
  1719 | D:3      | Reached skill level 7 in Polearms
  1915 | D:3      | Noticed killration's ghost (weakling HOGl)
  2150 | D:4      | Reached XP level 5. HP: 22/42 MP: 4/4
  2293 | D:4      | Found a staircase to the Ecumenical Temple.
  2304 | Temple   | Entered the Ecumenical Temple
  2486 | Temple   | Became a worshipper of the Shining One
  2525 | D:4      | Reached skill level 8 in Polearms
  2540 | D:4      | Noticed schwarznadel's ghost (average DsFi)
  2831 | D:4      | Paralysed by a giant eyeball for 3 turns
  2838 | D:4      | Paralysed by a giant eyeball for 2 turns
  3017 | D:4      | Noticed an ogre
  3150 | D:5      | Entered Level 5 of the Dungeon
  3166 | D:5      | Gained mutation: You can breathe flames. [potion of mutation]
  3166 | D:5      | Gained mutation: You are weak (Str -1). [potion of mutation]
  3166 | D:5      | Gained mutation: You are robust (+10% HP). [potion of mutation]
  3166 | D:5      | HP: 2/46 [worker ant (5)]
  3167 | D:5      | Slain by a worker ant

Action                   |  1- 3 |  4- 6 || total
-------------------------+-------+-------++-------
Melee: Trident           |    78 |   142 ||   220
Evoke: Deck              |     3 |       ||     3
  Use: Scroll            |       |     3 ||     3
       Potion            |       |     2 ||     2
